 Dungeon Crawl Stone Soup version 0.32-a0-791-gfc315c9ecd (webtiles) character file.

Game seed: 4646906124935167779

112 pokeman the Magician (level 4, -1/25 HPs)
             Began as a Deep Elf Hedge Wizard on Mar 20, 2024.
             Slain by an ice beast (3 damage)
             ... on level 4 of the Dungeon.
             The game lasted 00:05:53 (3237 turns).

pokeman the Magician (Deep Elf Hedge Wizard)        Turns: 3237, Time: 00:05:54

Health: -1/25      AC:  2    Str:  7    XL:     4   Next: 64%
Magic:  6/13       EV: 11    Int: 21    God:
Gold:   164        SH:  5    Dex: 14    Spells: 6/14 levels left

rFire   + . .        m - +2 dagger (venom)
rCold   + . .        (no shield)
rNeg    . . .        b - +0 robe
rPois   .            c - +0 hat
rElec   .            f - scarf {rC+ rF+}
rCorr   .            (no gloves)
SInv    .            (no boots)
Will    .....        n - amulet of reflection
Stlth   ++           k - ring of wizardry
HPRegen 0.24/turn    (no ring)
MPRegen 0.13/turn

%: reflection, wizardry (x1)
@: on blink cooldown
A: no striking features
a: no special abilities


You were on level 4 of the Dungeon.
You visited 1 branch of the dungeon, and saw 4 of its levels.

You collected 164 gold pieces.

Inventory:

Hand Weapons
 m - a +2 dagger of venom (weapon)
Armour
 b - a +0 robe (worn)
 c - a +0 hat (worn)
 f - a scarf of resistance (worn)
Jewellery
 k - a ring of wizardry (left hand)
 n - an amulet of reflection (around neck)
Scrolls
 a - 2 scrolls of identify {unknown}
 i - 2 scrolls of blinking {unknown}
 l - a scroll of noise {unknown}
 o - a scroll of poison {unknown}
 q - a scroll of torment {unknown}
 s - a scroll of enchant weapon {unknown}
 u - 2 scrolls of teleportation {unknown}
Potions
 d - a potion of magic
 e - a potion of curing {unknown}
 g - a potion of mutation {unknown}
 h - a potion of lignification {unknown}
 j - 2 potions of heal wounds {unknown}
 p - a potion of degeneration {unknown}
 r - a potion of might {unknown}
 t - a potion of attraction {unknown}


   Skills:
 - Level 1.0 Fighting
 - Level 1.0 Armour
 + Level 2.8 Dodging
 + Level 2.9 Stealth
 * Level 5.8 Spellcasting
 + Level 2.3 Conjurations
 - Level 1.1 Summonings
 - Level 1.1 Translocations


You had 6 spell levels left.
You knew the following spells:

 Your Spells              Type           Power      Damage    Failure   Level
a - Magic Dart            Conj           60%        1d6       1%          1
b - Mephitic Cloud        Conj/Alch/Air  9%         N/A       9%          3
c - Call Imp              Summ           20%        N/A       4%          2
d - Blink                 Tloc           20%        N/A       4%          2

Your spell library contained the following spells:

 Spells                   Type           Power      Damage    Failure   Level
 Slow                     Hex            24%        N/A       4%          1
 Cigotuvi's Dreadful Rot  Necr/Alch/Air  12%        N/A       6%          2
 Ignite Poison            Fire/Alch      6%         N/A       36%         4
 Freezing Cloud           Conj/Ice/Air   4%         6-21      58%         5


Dungeon Overview and Level Annotations

Branches:
Dungeon (4/15)
 Temple: D:4-7

Altars:
Uskayaw


Message History

You hit the ice beast but do no damage.
The ice beast is lightly wounded.
Your cerulean imp barely misses the ice beast.
The ice beast hits you. The ice beast freezes you. You resist.
Your cerulean imp hits the ice beast with a -3 spear.
The ice beast closely misses your cerulean imp.
You hit the ice beast but do no damage.
The ice beast is moderately wounded.
Your cerulean imp hits the ice beast but does no damage.
The ice beast barely misses you.
You hit the ice beast but do no damage.
The ice beast is moderately wounded.
Your cerulean imp hits the ice beast but does no damage.
The ice beast closely misses you.
You closely miss the ice beast.
The ice beast is moderately wounded.
Your cerulean imp hits the ice beast but does no damage.
The ice beast hits you. The ice beast freezes you. You resist.
You hit the ice beast but do no damage.
The ice beast is poisoned.
The ice beast is moderately wounded.
Your cerulean imp hits the ice beast but does no damage.
The ice beast hits you. The ice beast freezes you. You resist.
* * * LOW HITPOINT WARNING * * *
Casting: Magic Dart (safe; 1% risk of failure)
Confirm with . or Enter, or press ? or * to list all spells.
You blink.
Your cerulean imp closely misses the ice beast.
Unknown command.
Casting: Blink (safe; 4% risk of failure)
Confirm with . or Enter, or press ? or * to list all spells.
Aiming: Magic Dart (safe; 1% risk of failure)
Press: ? - help, Shift-Dir - straight line, f/p - ice beast
Aim: an ice beast (heavily wounded, very poisoned, ally target, 100% to hit)
The magic dart hits the ice beast.
The ice beast is heavily wounded.
Your cerulean imp hits the ice beast but does no damage.
The ice beast hits you.
* * * LOW HITPOINT WARNING * * *
The ice beast freezes you. You resist.
You die...

## #. ##.########
#.#.......##
##..........#
##...........# ####
##............# ...
...%.....5....#
###.####.#...@Y...## #
##.....##..........#
#.#.......#..#.......#
#.#.......#.###.....##
......_.....# ##....#
..#.......#.# #...##
#.#.......#.# ##..#
#.##.....##.# ####
#.####.####..#


You could see an ice beast (very poisoned, ally target) and a friendly cerulean
imp (summoned).

Vanquished Creatures
  4 adders
  A ribbon worm (D:2)
  4 dart slugs
  3 endoplasms
  A giant cockroach (D:2)
  8 goblins
  7 hobgoblins
  9 kobolds
  4 quokkas
  2 ball pythons
  12 bats
  2 frilled lizards (D:1)
  5 rats
62 creatures vanquished.

Notes
Turn   | Place    | Note
-------+----------+-------------------------------------------
     0 | D:1      | pokeman the Deep Elf Hedge Wizard began the quest for the
                  | Orb.
     0 | D:1      | Reached XP level 1. HP: 10/10 MP: 7/7
   221 | D:1      | Reached XP level 2. HP: 15/15 MP: 5/9
   550 | D:1      | Found a faded altar of an unknown god.
  1031 | D:2      | Reached skill level 5 in Spellcasting
  1257 | D:2      | Reached XP level 3. HP: 20/20 MP: 8/11
  1261 | D:2      | Learned a level 3 spell: Mephitic Cloud
  1264 | D:2      | Learned a level 2 spell: Blink
  1267 | D:2      | Learned a level 2 spell: Call Imp
  1547 | D:2      | Reached skill level 1 in Fighting
  1547 | D:2      | Reached skill level 1 in Armour
  2247 | D:3      | Reached XP level 4. HP: 25/25 MP: 10/13
  2333 | D:3      | Identified the +1 sling of Severance {flame, rElec Will-
                  | rCorr Dex+3}
  3168 | D:4      | Found a hide-covered altar of Uskayaw.
  3219 | D:4      | Noticed an ice beast
  3237 | D:4      | Slain by an ice beast

Illustrated notes

Levels and vault maps discovered:
D:1:      saegor_arrival_fortress, layout_basic,
          ebering_ecumenical_altar_sacrificial, minivault_14,
          grunt_decor_resistance, minmay_circled_x
D:2:      layout_basic, grunt_ministairs_14
D:3:      layout_loops_corners, dk_noncrumbling_3,
          nicolae_concentric_dashed_squares_wild
D:4:      layout_cave_pods, old_standard_altar, elyvilon_altar_1

Skill      XL: |  1  2  3 |
---------------+----------+-----
Spellcasting   | 5 |  5.8
Fighting       | 1 |  1.0
Armour         | 1 |  1.0
Conjurations   | 2 |  2.3
Dodging        | |  2.8
Stealth        | |  2.9
Summonings     | |  1.1
Translocations | |  1.1

Action                     |  1- 3 |  4- 6 || total
---------------------------+-------+-------++-------
  Melee: Dagger            |    15 |     5 ||    20
   Cast: Magic Dart        |   102 |    54 ||   156
         Mephitic Cloud    |     1 |       ||     1
         Blink             |       |     1 ||     1
         Call Imp          |       |     1 ||     1
 Armour: Robe              |    10 |     9 ||    19
  Dodge: Dodged            |    14 |     8 ||    22
  Block: Other             |     6 |     1 ||     7
         Reflection        |     1 |       ||     1

Table legend: (Time is in decaauts)
 A = Elapsed time spent in this place.
 B = Non-inter-level travel time spent in this place.
 C = Inter-level travel time spent in this place.
 D = Time resting spent in this place.
 E = Time spent auto-exploring this place.
 F = Levels seen in this place.
 G = Mean time per level.
                   A        B        C        D        E       F      G
               +--------+--------+--------+--------+--------+-----+--------+
         Total |   3235 |   3143 |     92 |      0 |   2809 |   4 |  808.8 |
       Dungeon |   3235 |   3143 |     92 |      0 |   2809 |   4 |  808.8 |
               +--------+--------+--------+--------+--------+-----+--------+

Top non-repeatable levels by time:
     D:3: 1181 daAuts
     D:2: 996 daAuts
     D:1: 904 daAuts
     D:4: 152 daAuts
